 Dungeon Crawl Stone Soup version 0.31-a0-187-gba352fbbf7 (webtiles) character file.

Game seed: 2766498119406652473

205 qw the Skirmisher (level 5, 0/30 HPs)
             Began as a Deep Elf Hunter on June 22, 2023.
             Succumbed to an adder's poison
             ... on level 2 of the Dungeon.
             The game lasted 00:00:21 (881 turns).

qw the Skirmisher (Deep Elf Hunter)                  Turns: 881, Time: 00:00:21

Health: 0/30       AC:  5    Str: 10    XL:     5   Next: 53%
Magic:  7/7        EV: 11    Int: 14    God:
Gold:   112        SH:  0    Dex: 18    Spells: 4/4 levels left

rFire   . . .        Y - +1 shortbow
rCold   . . .        (shield currently unavailable)
rNeg    . . .        d - +0 ring mail
rPois   .            (no helmet)
rElec   .            (no cloak)
rCorr   .            (no gloves)
SInv    .            (no boots)
Will    .....        (no amulet)
Stlth   +            (no ring)
HPRegen 0.25/turn    (no ring)
MPRegen 0.10/turn

%: no passive effects
@: lethally poisoned (0 -> -3)
A: no striking features
a: no special abilities


You were on level 2 of the Dungeon.
You visited 1 branch of the dungeon, and saw 2 of its levels.

You collected 112 gold pieces.


   Skills:
 + Level 1.7 Fighting
 - Level 9.0 Ranged Weapons
 - Level 2.4 Dodging
 - Level 1.2 Stealth


You had 4 spell levels left.
You didn't know any spells.
Your spell library was empty.

Inventory:

Hand Weapons
 Y - a +1 shortbow (weapon)
Armour
 d - a +0 ring mail (worn)
Scrolls
 a - a scroll of identify {unknown}

Dungeon Overview and Level Annotations

Branches:
Dungeon (2/15)

Altars:


Message History

The adder barely misses you.
You shoot an arrow. The arrow closely misses the adder.
The adder bites you. x2
You are poisoned.
The adder poisons you!
You shoot an arrow. The arrow hits the adder.
The adder is moderately wounded.
You feel sick. The adder bites you.
You are more poisoned.
The adder poisons you!
You shoot an arrow. The arrow hits the adder.
The adder is heavily wounded.
You feel sick. The adder bites you.
You are lethally poisoned!
The adder poisons you!
You shoot an arrow. The arrow hits the adder.
The adder is severely wounded.
You feel very sick. The adder misses you.
The adder bites you but does no damage.
You shoot an arrow.
The arrow hits the adder but does no damage.
The adder is severely wounded.
You feel sick. The adder bites you but does no damage.
You shoot an arrow. The arrow hits the adder!
You kill the adder!
You feel sick. The jackal barely misses you.
You shoot an arrow. The arrow misses the jackal.
You feel sick.
The jackal bites you but does no damage.
You shoot an arrow. The arrow hits the jackal.
The jackal is moderately wounded.
You feel sick. The jackal closely misses you.
The jackal bites you but does no damage.
You shoot an arrow.
The arrow hits the jackal but does no damage.
The jackal is moderately wounded.
You feel sick. The jackal barely misses you. The jackal completely misses you.
You shoot an arrow. The arrow hits the jackal.
You kill the jackal!
You die...

#.# #.. #.# # #.. #.# #.
#.. ..# ... #.# # #.#
.... #.#.# #.#
..%..##.#.# #.######
......%...# #....... #@#
#.####.###### #.#
#......#
...#.##.#########.#
..................######
.........#.##...........
###...####.##.##.#######
#.[.........##.#
#...####.#####.# ### #.#
#.#


There were no monsters in sight!

Vanquished Creatures
  Sigmund (D:2)
  2 adders (D:2)
  A worm (D:2)
  2 dart slugs
  An endoplasm (D:1)
  A goblin (D:1)
  2 hobgoblins
  4 jackals (D:2)
  2 quokkas (D:1)
  5 ball pythons (D:1)
  A frilled lizard (D:1)
  3 kobolds
  2 rats
27 creatures vanquished.

Notes
Turn   | Place    | Note
-------+----------+-------------------------------------------
     0 | D:1      | qw the Deep Elf Hunter began the quest for the Orb.
     0 | D:1      | Reached XP level 1. HP: 12/12 MP: 3/3
     0 | D:1      | 0 ||| qw: Version: 0.3-a-9-g12657ce
     0 | D:1      | 0 ||| qw: Game counter: 2585
     0 | D:1      | 0 ||| qw: Always use a shield: true
     0 | D:1      | 0 ||| qw: God list: Okawaru
     0 | D:1      | 0 ||| qw: Allow faded altars: false
     0 | D:1      | 0 ||| qw: Do Orc after D:15 true
     0 | D:1      | 0 ||| qw: Do second Lair branch before Depths: true
     0 | D:1      | 0 ||| qw: Lair rune preference: random
     0 | D:1      | 0 ||| qw: Plans: Normal
     0 | D:1      | 0 ||| PLANNING D:1-11
   307 | D:1      | Reached XP level 2. HP: 16/16 MP: 4/4
   314 | D:1      | Reached skill level 6 in Ranged Weapons
   565 | D:1      | 565 ||| UPGRADING to +0 ring mail.
   575 | D:1      | 575 ||| DROPPING +0 leather armour.
   576 | D:1      | 576 ||| READING scroll labelled POERGH BETHAUTI.
   577 | D:1      | 577 ||| READING scroll labelled IPSECR FUYZ.
   582 | D:1      | 582 ||| READING scroll labelled BYRACU NAESHA.
   583 | D:1      | 583 ||| DRINKING 2 grey potions.
   584 | D:1      | 584 ||| DROPPING scroll of butterflies.
   620 | D:2      | Found a faded altar of an unknown god.
   648 | D:2      | Noticed Sigmund
   653 | D:2      | 653 ||| DRINKING potion of curing.
   653 | D:2      | 653 ||| (to cure confusion)
   668 | D:2      | Killed Sigmund
   669 | D:2      | Reached skill level 8 in Ranged Weapons
   669 | D:2      | Reached XP level 3. HP: 8/20 MP: 5/5
   669 | D:2      | Reached XP level 4. HP: 10/25 MP: 6/6
   669 | D:2      | Reached XP level 5. HP: 12/29 MP: 7/7
   857 | D:2      | Reached skill level 9 in Ranged Weapons
   875 | D:2      | HP: 7/29 [poisoned by an adder]
   878 | D:2      | HP: 2/30 [poisoned by an adder]
   881 | D:2      | Succumbed to an adder's poison

Levels and vault maps discovered:
D:1:      dpeg_arrival_tiny_a, layout_loops_cross, serial_bayou_ford_a
D:2:      layout_loops_ring, hellmonk_ecumenical_altar_dog_temple,
          nrook_campfire, uniq_sigmund

Skill      XL: |  1  2  3  4  5 |
---------------+----------------+-----
Ranged Weapons | 8 9 |  9.0
Fighting       | |  1.7
Dodging        | |  2.4
Stealth        | |  1.2

Action                     |  1- 3 |  4- 6 || total
---------------------------+-------+-------++-------
   Fire: Shortbow          |    67 |    19 ||    86
    Use: Scroll            |     3 |       ||     3
         Potion            |     2 |       ||     2
 Armour: Leather armour    |     5 |       ||     5
         Ring mail         |     1 |     5 ||     6
  Dodge: Dodged            |     6 |     8 ||    14

Table legend:
 A = Non-vault XP
 B = Vault XP
 C = Vault XP percentage of total XP
 D = Non-vault monster count
 E = Vault monster count
 F = Vault count percentage of total count
                 A         B        C        D         E       F
            +---------+---------+-------+---------+---------+-------
      Total |      69 |     227 |  76.7 |      24 |       3 |  11.1
            +---------+---------+-------+---------+---------+-------
        D:1 |      23 |       0 |   0.0 |      14 |       0 |   0.0
        D:2 |      46 |     227 |  83.2 |      10 |       3 |  23.1
            +---------+---------+-------+---------+---------+-------
